 Dungeon Crawl Stone Soup version 0.18-b1-22-ge198996 (webtiles) character file.

4181 MTVSty1e the Blocker (level 10, 0/86 HPs)
             Began as a Minotaur Fighter on May 2, 2016.
             Was a Priest of Okawaru.
             Slain by a vampire (3 damage)
             ... on level 8 of the Dungeon on May 3, 2016.
             The game lasted 00:24:38 (6624 turns).

MTVSty1e the Blocker (Minotaur Fighter)             Turns: 6624, Time: 00:24:40

Health: 0/86       AC: 11    Str: 25    XL:     10   Next: 8%
Magic:  0/12       EV: 13    Int:  5    God:    Okawaru [***...]
Gold:   326        SH:  0    Dex:  9    Spells: 0 memorised, 9 levels left

rFire  . . .     SeeInvis .     B - +3 battleaxe (flame)
rCold  . . .     Gourm    .     b - +0 scale mail
rNeg   . . .     Faith    .     (shield currently unavailable)
rPois  .         Spirit   +     (helmet restricted)
rElec  .         Dismiss  .     g - +1 cloak {+Inv}
rCorr  .         Reflect  .     A - +0 pair of gloves
SustAt .         Harm     .     (no boots)
MR     .....                    v - amulet of guardian spirit
Stlth  ..........               (no ring)
                                m - ring of stealth

@: confused, not resistant to hostile enchantments, extremely unstealthy
A: retaliatory headbutt, horns 2
a: Heroism, Renounce Religion, Evoke Invisibility


You were on level 8 of the Dungeon.
You worshipped Okawaru.
Okawaru was most pleased with you.
You were not hungry.

You visited 2 branches of the dungeon, and saw 9 of its levels.
You also visited: Ossuary.

You collected 326 gold pieces.

Inventory:

Hand Weapons
 B - a +3 battleaxe of flaming (weapon)
Armour
 b - a +0 scale mail (worn)
 g - a +1 cloak of invisibility (worn)
 t - a +1 large shield
 A - a +0 pair of gloves (worn)
Jewellery
 m - a ring of stealth (left hand)
 v - an amulet of guardian spirit (around neck)
Wands
 j - a wand of disintegration (19/24)
 x - a wand of iceblast (11/15)
Scrolls
 h - a scroll of remove curse
 r - 3 scrolls of teleportation
 s - 5 scrolls of identify
Potions
 d - 2 potions of ambrosia {unknown}
 e - a potion of lignification
 i - a potion of resistance {unknown}
 n - a potion of haste
 o - a potion of mutation {unknown}
 p - a potion of curing {unknown}
 D - a potion of berserk rage {unknown}
 E - a potion of flight
Comestibles
 k - 3 fruits
 l - a slice of pizza
 q - 2 beef jerkies
 w - 2 royal jellies
 z - 2 meat rations
 C - a bread ration


   Skills:
 * Level 7.0 Fighting
 + Level 6.5 Axes
 * Level 7.3 Armour
 * Level 8.0 Dodging
 - Level 9.1 Shields
 - Level 0.4 Invocations
 * Level 4.8 Evocations


You had 9 spell levels left.
You didn't know any spells.

Dungeon Overview and Level Annotations

Branches:
Dungeon (8/15)             Temple (1/1) D:6
   Lair: D:8-11

Altars:
Cheibriados
Dithmenos
Elyvilon
Fedhas
Gozag
Kikubaaqudgha
Makhleb
Nemelex Xobeh
Okawaru
Ru
Vehumet
Xom
Zin
The Shining One

Annotations:
D:8 Maurice


Innate Abilities, Weirdness & Mutations

You reflexively headbutt those who attack you in melee.
You have a pair of horns on your head.


Message History

Something hits you but does no damage. Something bites you but does no damage.
You see here 20 arrows.
You start resting.
Something hits you but does no damage. Something bites you but does no damage.
Something barely misses you. Something bites you!
* * * LOW HITPOINT WARNING * * *
Something draws strength from your injuries!
You closely miss something. Something hits you but does no damage.
Something bites you.
* * * LOW HITPOINT WARNING * * *
You hear some strange, mumbled words.
You are confused.
An orc warrior comes into view. It is wielding a battleaxe.
You bump into the rock wall.
Something hits you but does no damage. Something bites you but does no damage.
You bump into the rock wall.
Something hits you but does no damage. Something bites you!
* * * LOW HITPOINT WARNING * * *
You barely miss something. Something hits you.
You die...

*,,,*
*,.........#*,,,*,*
*,,,*
**,###.###$)#**,**,*
*,*,* *,,* *,* #ยง##
*,**,* *,*,*
*,,###'###(# *,**,*
*,*,* *,,..o_###.#
*,**,*
*,*,***,,###'###(#
*,**,* ###,,,,,,,,*
#,* #.# *,**,*
..<,,,,**#.###.###(#
*,**,* ### ###***>*
#...o..@((#
*,*#.####.. *,*
########)##
*,*#......# *,* #.#
*.#######.# *,* #.#
*.........# *,* #.#
*########.# *,* #.#
####.# *,* #.#
#..... ## *,* #.#
#.#### .# ***,* #.#
#.###.


You could see an orc warrior.

Vanquished Creatures
  Pikel (D:5)
  Joseph (D:7)
  The ghost of skk the Cudgeler, an amateur OgBe of Trog (Ossuary)
  Prince Ribbit (D:7)
  Grinder (D:5)
  Edmund (D:6)
  Menkaure (D:7)
  Duvessa (D:7)
  2 slaves (D:5)
  An eye of draining (D:8)
  A phantom (D:4)
  A black bear (D:8)
  An ogre (D:7)
  5 centaurs (D:6)
  2 scorpions
  A big kobold (D:8)
  An elf zombie (Ossuary)
  3 giant frogs
  A water moccasin skeleton (D:8)
  Dowan (D:7)
  3 howler monkeys (D:8)
  4 crimson imps
  3 centaur zombies
  A jelly (D:5)
  2 hounds (D:4)
  An orc priest (D:7)
  A centaur skeleton (D:5)
  3 human zombies (Ossuary)
  A giant frog skeleton (D:4)
  4 orc wizards
  4 worker ants
  2 mummies (Ossuary)
  8 gnolls
  6 adders
  A howler monkey skeleton (D:5)
  2 shadow imps
  2 oozes
  3 adder zombies
  2 worms
  An adder skeleton (D:7)
  2 dart slugs (D:1)
  3 giant geckos
  14 orcs
  A ball python (D:2)
  6 giant cockroaches
  7 goblins
  6 hobgoblins
  11 jackals
  4 quokkas
  8 bats
  5 giant newts
  3 goblin zombies (Ossuary)
  15 hobgoblin zombies (Ossuary)
  A jackal skeleton (D:5)
  9 kobolds
  7 kobold zombies (Ossuary)
  5 orc zombies (Ossuary)
  6 rats
195 creatures vanquished.

Vanquished Creatures (others)
  A slave (D:5)
  An adder (D:6)
2 creatures vanquished.

Grand Total: 197 creatures vanquished

Notes
Turn   | Place    | Note
--------------------------------------------------------------
     0 | D:1      | MTVSty1e the Minotaur Fighter began the quest for the Orb.
     0 | D:1      | Reached XP level 1. HP: 19/19 MP: 0/0
   132 | D:1      | Upgraded the game from 0.18-b1-18-g7758cf2 to 0.18-b1-22-ge198996
   191 | D:1      | Reached XP level 2. HP: 27/27 MP: 1/1
   791 | D:2      | Reached skill level 4 in Shields
   954 | D:2      | Reached skill level 1 in Dodging
   954 | D:2      | Reached XP level 3. HP: 33/33 MP: 2/2
  1620 | D:3      | Reached XP level 4. HP: 40/40 MP: 3/3
  2033 | D:3      | Found a shimmering altar of Xom.
  2033 | D:3      | Found a burning altar of Makhleb.
  2123 | D:4      | Noticed a phantom
  2160 | D:4      | Killed a phantom
  2160 | D:4      | Reached skill level 5 in Shields
  2160 | D:4      | Reached skill level 1 in Evocations
  2160 | D:4      | Reached XP level 5. HP: 42/46 MP: 4/4
  2260 | D:4      | Reached XP level 6. HP: 52/52 MP: 4/6
  2598 | D:4      | Found a glowing golden altar of the Shining One.
  2598 | D:4      | Found a radiant altar of Vehumet.
  2599 | D:4      | Found a glowing silver altar of Zin.
  2655 | D:5      | Entered Level 5 of the Dungeon
  2655 | D:5      | Noticed a slave
  2773 | D:5      | Noticed a slave
  2774 | D:5      | Noticed Pikel
  2774 | D:5      | Noticed a slave
  2774 | D:5      | Noticed a slave
  2783 | D:5      | Killed a slave
  2790 | D:5      | Killed a slave
  2792 | D:5      | Killed Pikel
  2792 | D:5      | Reached skill level 5 in Fighting
  2792 | D:5      | Reached skill level 5 in Armour
  2792 | D:5      | Reached skill level 6 in Shields
  2792 | D:5      | Reached XP level 7. HP: 31/61 MP: 4/7
  2948 | D:5      | Noticed Grinder
  2976 | D:5      | Killed Grinder
  3004 | D:5      | Reached XP level 8. HP: 41/68 MP: 7/9
  3703 | D:6      | Reached skill level 5 in Dodging
  3703 | D:6      | Reached skill level 7 in Shields
  3766 | D:6      | Noticed Edmund
  3794 | D:6      | Killed Edmund
  3993 | D:6      | Found a staircase to the Ecumenical Temple.
  4031 | Temple   | Entered the Ecumenical Temple
  4036 | Temple   | Became a worshipper of Warmaster Okawaru
  4292 | D:6      | Reached skill level 5 in Axes
  4330 | D:6      | Found a sacrificial altar of Ru.
  4445 | D:6      | Reached * piety under Okawaru
  4445 | D:6      | Reached skill level 8 in Shields
  4922 | D:7      | Noticed Duvessa
  4927 | D:7      | Noticed Dowan
  4933 | D:7      | Killed Dowan
  4933 | D:7      | Reached XP level 9. HP: 70/75 MP: 7/10
  4942 | D:7      | Killed Duvessa
  5016 | D:7      | Noticed Menkaure
  5023 | D:7      | Killed Menkaure
  5273 | D:7      | Noticed Joseph
  5286 | D:7      | Noticed Prince Ribbit
  5327 | D:7      | Killed Prince Ribbit
  5328 | D:7      | Killed Joseph
  5328 | D:7      | Reached ** piety under Okawaru
  5624 | D:8      | Found a sand-covered staircase.
  5632 | Ossuary  | Entered an ossuary
  5679 | Ossuary  | Noticed skk's ghost (amateur OgBe)
  5698 | Ossuary  | Killed skk's ghost
  5698 | Ossuary  | Reached skill level 9 in Shields
  6058 | Ossuary  | Identified 2 scrolls of acquirement
  6254 | D:8      | Reached *** piety under Okawaru
  6304 | D:8      | Reached XP level 10. HP: 84/84 MP: 12/12
  6581 | D:8      | Found a snail-covered altar of Cheibriados.
  6583 | D:8      | Noticed Maurice
  6623 | D:8      | HP: 3/86 [something (9)]
  6624 | D:8      | Slain by a vampire

Skill      XL: |  1  2  3  4  5  6  7  8  9 10 |
---------------+-------------------------------+-----
Armour         | 4 5 6 7 |  7.3
Shields        | 4 5 6 8 9 |  9.1
Dodging        | 1 2 4 6 7 8 |  8.0
Fighting       | 4 5 6 7 |  7.0
Axes           | 3 4 5 6 |  6.5
Evocations     | 1 2 3 4 |  4.8
Invocations    | |  0.4

Action                   |  1- 3 |  4- 6 |  7- 9 | 10-12 || total
-------------------------+-------+-------+-------+-------++-------
Melee: War axe           |    85 |    78 |   361 |       ||   524
       Headbutt          |     9 |    14 |    63 |     8 ||    94
       Battleaxe         |       |       |    43 |    39 ||    82
Invok: Heroism           |       |       |     5 |       ||     5
  Use: Scroll            |     3 |     5 |    12 |       ||    20
       Potion            |       |     2 |     9 |       ||    11
  Eat: Bread ration      |     1 |     1 |     1 |       ||     3
       Meat ration       |       |       |     1 |       ||     1
       Fruit             |       |       |     1 |       ||     1
       Beef jerky        |       |       |     1 |       ||     1
Armor: Scale mail        |    54 |    25 |    96 |    52 ||   227
       Skin              |       |       |    10 |       ||    10
Dodge: Dodged            |    35 |    21 |   117 |    40 ||   213
Block: Shield            |    50 |       |       |       ||    50
       Large shield      |    27 |    65 |   412 |       ||   504
